 Dungeon Crawl Stone Soup version 0.25-a0-975-gcae8493d64 (webtiles) character file.

Game seed: 2063048938633408027, levelgen mode: deterministic

958198 Malog the Metallomancer (level 27, -9/221 HPs)
             Began as a Formicid Hunter on May 4, 2020.
             Was the Champion of Cheibriados.
             Killed from afar by Lom Lobon (62 damage)
             ... with a great icy blast
             ... in Pandemonium on May 10, 2020.
             The game lasted 08:51:23 (108293 turns).

Malog the Metallomancer (Formicid Hunter)         Turns: 108293, Time: 08:51:23

Health: -9/221     AC: 35    Str: 40      XL:     27
Magic:  32/49      EV: 11    Int: 30 (32) God:    Cheibriados [******]
Gold:   11948      SH: 35    Dex: 29      Spells: 2/70 levels left

rFire    + + .     SeeInvis +   a - +9 arbalest (venom)
rCold    + + +     Gourm    .   C - +8 tower shield
rNeg     . . .     Faith    .   E - +10 storm dragon scales of Idealism {rElec rF+ rC+ Int+3}
rPois    +         Spirit   .   (helmet unavailable)
rElec    +         Reflect  .   g - scarf {repulsion}
rCorr    .         Harm     .   k - +1 pair of gloves {Dex+3}
MR       +++..                  Z - +2 pair of boots
Stlth    ..........             V - amulet of magic regeneration
HPRegen  0.46/turn              F - ring of Zituixtu {rPois rC++ MR+ Slay+2}
MPRegen  0.56/turn              l - ring of wizardry

@: mighty, lethally poisoned (-9 -> -10), frozen, repel missiles, very slow
A: permanent stasis, dig shafts and tunnels, four strong arms, antennae 3, dopey
1, fire resistance 1, mutation resistance 1
}: 7/15 runes: decaying, serpentine, slimy, silver, abyssal, demonic, dark
a: Dig, Shaft Self, Bend Time, Temporal Distortion, Slouch, Step From Time,
Renounce Religion


You were in Pandemonium.
You worshipped Cheibriados.
Cheibriados was exalted by your worship.
You were not hungry.

You visited 12 branches of the dungeon, and saw 57 of its levels.
You visited Pandemonium 1 time, and saw 10 of its levels.
You visited the Abyss 8 times.
You visited 1 ziggurat, and saw 11 of its levels.
You also visited: Trove, Ice Cave and Volcano.

You collected 12554 gold pieces.
You spent 606 gold pieces at shops.

Inventory:

Hand Weapons
 a - a +9 arbalest of venom (weapon)
 b - a +9 sacred scourge of holy wrath
 s - a +9 vorpal demon whip
 S - a +9 dire flail of protection
 W - the +3 Elemental Staff {rElec rF++ rC++ MR++ AC+5}
   (You found it on level 5 of the Pits of Slime)

   It affects your AC (+5).
   It greatly protects you from fire.
   It greatly protects you from cold.
   It insulates you from electricity.
   It affects your resistance to hostile enchantments.
 Y - the +1 scimitar "Rajo" {vorpal, *Noise +Inv rN+++ Stlth-}
   (You found it on level 4 of the Lair of Beasts)

   It inflicts extra damage upon your enemies.
   It renders you almost immune to negative energy.
   It lets you turn invisible.
   It may make noises in combat.
   It makes you less stealthy.
Missiles
 d - 2153 bolts (quivered)
Armour
 g - a scarf of repulsion (worn)
 k - a +1 pair of gloves of dexterity (worn)
 m - +8 gold dragon scales
 C - a +8 tower shield (worn)
 E - the +10 storm dragon scales of Idealism (worn) {rElec rF+ rC+ Int+3}
   (You found it on level 3 of the Elven Halls)

   It affects your intelligence (+3).
   It protects you from fire.
   It protects you from cold.
   It insulates you from electricity.
 O - a +1 tower shield of protection
 Z - a +2 pair of boots (worn)
Magical Staves
 L - an uncursed staff of conjuration
Jewellery
 l - a ring of wizardry (right hand)
 w - an uncursed ring of protection from cold
 z - the amulet of Gyeclud {Spirit rF+ rC+ Dex-5 Stlth+}
   (You found it on level 11 of a ziggurat)

   [amulet of guardian spirit]

   It causes incoming damage to be split between your health and magic.
   It affects your dexterity (-5).
   It protects you from fire.
   It protects you from cold.
   It makes you more stealthy.
 A - an uncursed ring of flight
 B - the ring "Ynyret" {rPois rN+ rCorr Dex+3 Stlth-}
   (You found it on level 9 of the Dungeon)

   [ring of resist corrosion]

   It affects your dexterity (+3).
   It protects you from poison.
   It protects you from negative energy.
   It provides partial protection from all sources of acid and corrosion.
   It makes you less stealthy.
 D - an uncursed ring of protection from fire
 F - the ring of Zituixtu (left hand) {rPois rC++ MR+ Slay+2}
   (You found it on level 5 of the Pits of Slime)

   [ring of poison resistance]

   It affects your accuracy and damage with ranged weapons and melee attacks
   (+2).
   It greatly protects you from cold.
   It protects you from poison.
   It affects your resistance to hostile enchantments.
 P - an uncursed amulet of regeneration
 V - an amulet of magic regeneration (around neck)
 X - the amulet "Roviaph" {Spirit rElec Int+2 Dex+2}
   (You found it on level 2 of the Crypt)

   [amulet of guardian spirit]

   It causes incoming damage to be split between your health and magic.
   It affects your intelligence (+2).
   It affects your dexterity (+2).
   It insulates you from electricity.
Wands
 e - a wand of digging (24)
 o - a wand of removedness (5)
 y - a wand of paralysis (16)
 J - a wand of acid (33)
 U - a wand of disintegration (48)
Scrolls
 c - 37 scrolls of identify
 i - 20 scrolls of amnesia
 j - 9 scrolls of fear
 p - 3 scrolls of silence
 u - 40 scrolls of remove curse
 G - 17 scrolls of fog
 K - 7 scrolls of magic mapping
 M - 2 scrolls of summoning
 T - 3 scrolls of holy word
Potions
 h - 25 potions of curing
 q - 2 potions of invisibility
 r - 2 potions of heal wounds
 t - 4 potions of brilliance
 v - 2 potions of might
 x - 8 potions of stabbing
 H - 5 potions of resistance
 I - 6 potions of mutation
 Q - a potion of magic
 R - 9 potions of flight
Miscellaneous
 n - a phantom mirror
 N - a phial of floods
Comestibles
 f - 90 rations


   Skills:
 + Level 19.0 Fighting
 + Level 18.1 Maces & Flails
 + Level 17.5 Crossbows
 + Level 19.6 Armour
 - Level 1.7 Dodging
 - Level 1.2 Stealth
 + Level 19.2 Shields
 - Level 22.4 Spellcasting
 - Level 12.1 Conjurations
 - Level 4.0 Hexes
 - Level 15.2 Charms
 - Level 13.6 Summonings
 + Level 13.4 Necromancy
 - Level 5.5 Translocations
 - Level 13.9 Transmutations
 - Level 18.6 Fire Magic
 - Level 8.1 Ice Magic
 - Level 24.6 Earth Magic
 - Level 13.3 Invocations


You had 2 spell levels left.
You knew the following spells:

 Your Spells              Type           Power        Failure   Level  Hunger
a - Orb of Destruction    Conj           #######...   4%          7    ##.....
b - Animate Skeleton      Necr           N/A          0%          1    None
c - Passage of Golubria   Tloc           N/A          1%          4    None
e - Summon Butterflies    Summ           #######.     0%          1    None
f - Apportation           Tloc           ######       1%          1    None
g - Song of Slaying       Chrm           #######.     0%          2    None
h - Aura of Abjuration    Summ           #######...   1%          5    None
i - Spectral Weapon       Hex/Chrm       #######.     1%          3    None
j - Spellforged Servitor  Conj/Summ      #######...   3%          7    ##.....
k - Ignition              Fire           #######...   2%          8    ####...
l - Statue Form           Tmut/Erth      #######..    1%          6    None
m - Shatter               Erth           ########..   3%          9    ######.
n - Death's Door          Chrm/Necr      #######...   16%         8    ####...
o - Ozocubu's Refrigerat  Ice            ######....   4%          6    None

Your spell library contained the following spells:

 Spells                   Type           Power        Failure   Level  Hunger
 Beastly Appendage        Tmut           ######       0%          1    None
 Foxfire                  Conj/Fire      ####         0%          1    None
 Infusion                 Chrm           ####         0%          1    None
 Magic Dart               Conj           ####         0%          1    None
 Pain                     Necr           ####         0%          1    None
 Sandblast                Erth           ######       0%          1    None
 Summon Small Mammal      Summ           ####         0%          1    None
 Call Imp                 Summ           #######.     0%          2    None
 Passwall                 Tmut/Erth      #######.     0%          2    None
 Searing Ray              Conj           ######       0%          2    None
 Sticks to Snakes         Tmut           #######.     0%          2    None
 Corona                   Hex            ######.      1%          1    None
 Freeze                   Ice            ####         1%          1    None
 Shock                    Conj/Air       ####         1%          1    None
 Sting                    Tmut/Pois      ####         1%          1    None
 Corpse Rot               Necr/Air       N/A          1%          2    None
 Ensorcelled Hibernation  Hex/Ice        ######       1%          2    None
 Poisonous Vapours        Pois/Air       ####..       1%          2    None
 Shroud of Golubria       Chrm/Tloc      ######       1%          2    None
 Slow                     Hex            ######..     1%          2    None
 Swiftness                Chrm/Air       ######..     1%          2    None
 Call Canine Familiar     Summ           #######.     0%          3    None
 Conjure Flame            Conj/Fire      #######.     0%          3    None
 Stone Arrow              Conj/Erth      ######       0%          3    None
 Petrify                  Tmut/Erth      #######.     0%          4    None
 Borgnjor's Vile Clutch   Necr/Erth      #######...   0%          5    None
 Lee's Rapid Deconstruct  Erth           ########..   0%          5    None
 Confusing Touch          Hex            ######..     1%          3    None
 Dazzling Flash           Conj/Hex       ######       1%          3    None
 Frozen Ramparts          Ice            ######       1%          3    None
 Gell's Gravitas          Tloc           ######....   1%          3    None
 Ignite Poison            Fire/Tmut/Pois #######.     1%          3    None
 Inner Flame              Hex/Fire       #######.     1%          3    None
 Lesser Beckoning         Tloc           ######....   1%          3    None
 Mephitic Cloud           Conj/Pois/Air  ######..     1%          3    None
 Ozocubu's Armour         Chrm/Ice       #######.     1%          3    None
 Portal Projectile        Hex/Tloc       ######       1%          3    None
 Recall                   Summ/Tloc      N/A          1%          3    None
 Spider Form              Tmut/Pois      ######....   1%          3    None
 Static Discharge         Conj/Air       ######..     1%          3    None
 Summon Guardian Golem    Hex/Summ       ######..     1%          3    None
 Teleport Other           Tloc           ######..     1%          3    None
 Tukima's Dance           Hex            ######..     1%          3    None
 Vampiric Draining        Necr           #######...   1%          3    None
 Animate Dead             Necr           N/A          1%          4    None
 Cause Fear               Hex            ######....   1%          4    None
 Dispel Undead            Necr           #######.     1%          4    None
 Fulminant Prism          Conj/Hex       ######....   1%          4    None
 Hailstorm                Conj/Ice       #######.     1%          4    None
 Ice Form                 Ice/Tmut       #######.     1%          4    None
 Iskenderun's Mystic Bla  Conj/Tloc      ######..     1%          4    None
 Leda's Liquefaction      Hex/Erth       #######...   1%          4    None
 Sticky Flame             Conj/Fire      #######.     1%          4    None
 Summon Ice Beast         Ice/Summ       #######.     1%          4    None
 Summon Lightning Spire   Summ/Air       ######..     1%          4    None
 Agony                    Necr           #######.     1%          5    None
 Alistair's Intoxication  Tmut/Pois      ######..     1%          5    None
 Bolt of Magma            Conj/Fire/Erth #######...   1%          5    None
 Fireball                 Conj/Fire      #######...   1%          5    None
 Irradiate                Conj/Tmut      #######...   1%          5    None
 Iskenderun's Battlesphe  Conj/Chrm      #######.     1%          5    None
 Lightning Bolt           Conj/Air       ######....   1%          5    None
 Metabolic Englaciation   Hex/Ice        ######....   1%          5    None
 Summon Demon             Summ           #######...   1%          5    None
 Summon Forest            Summ/Tloc      ######....   1%          5    None
 Summon Mana Viper        Hex/Summ       ######..     1%          5    None
 Yara's Violent Unravell  Hex/Tmut       ######....   1%          5    None
 Death Channel            Necr           #######...   1%          6    None
 Hydra Form               Tmut           #######...   1%          6    None
 Iron Shot                Conj/Erth      #######...   1%          6    None
 Shadow Creatures         Summ           N/A          1%          6    None
 Simulacrum               Ice/Necr       #######...   1%          6    None
 Ring of Flames           Chrm/Fire      #######...   1%          7    ##.....
 Dragon Form              Tmut           #######...   2%          7    ##.....
 Summon Hydra             Summ           #######...   2%          7    ##.....
 Eringya's Noxious Bog    Tmut/Pois      ######....   8%          6    None
 Airstrike                Air            ####......   9%          4    None
 Olgreb's Toxic Radiance  Pois           ####....     9%          4    None
 Freezing Cloud           Conj/Ice/Air   ######....   9%          6    None
 Silence                  Hex/Air        #####.....   11%         5    None
 Darkness                 Hex            ######....   24%         6    None
 Invisibility             Hex            ######..     24%         6    None
 Dragon's Call            Summ           #######...   95%         9    ######.
 Discord                  Hex            ######....   100%        8    ####...
 Tornado                  Air            ####......   100%        9    ######.
 Blink                    Tloc           Unusable     N/A         2    N/A

Dungeon Overview and Level Annotations

Branches:
Dungeon (15/15)            Temple (1/1) D:5            Lair (6/6) D:8
  Swamp (4/4) Lair:4        Snake (4/4) Lair:3        Slime (5/5) Lair:5
    Orc (2/2) D:10            Elf (3/3) Orc:2        Vaults (5/5) D:13
  Crypt (3/3) Vaults:2       Tomb (0/3) Crypt:3      Depths (5/5) D:15
    Zot (4/5) Depths:5      IceCv (visited)         Volcano (visited)

Altars:
Ashenzari
Cheibriados
Dithmenos
Fedhas
Gozag
Hepliaklqana
Kikubaaqudgha
Makhleb
Nemelex Xobeh
Okawaru
Qazlal
Trog
Uskayaw
Vehumet
Wu Jian
Xom
Yredelemnul
Zin
The Shining One
Beogh

Shops:
D:5 [   D:12 [   Orc:2 %[?:   Snake:4 =[}   Vaults:1 %   Vaults:3 *

Portals:
Hell: Depths:1 Depths:2 Depths:3 Depths:4 Depths:5
Abyss: Depths:2 Depths:4
Pandemonium: Depths:3 Depths:4

Annotations:
Crypt:1 Khufu
Crypt:2 2 transporters
Crypt:3 1 exclusion
Depths:1 1 runed translucent door
Depths:4 1 exclusion
Zot:4 2 transporters
Pan Lom Lobon


Innate Abilities, Weirdness & Mutations

You cannot be hasted, slowed, berserked, paralysed or teleported.
You can dig through walls and to a lower floor.
Your four strong arms can wield two-handed weapons with a shield.
You have a pair of large antennae on your head. (SInv)
You are dopey. (Int -2)
Your flesh is heat resistant. (rF+)
You are somewhat resistant to further mutation.


Message History

Casting: Spellforged Servitor (mildly dangerous; 3% risk of failure)
Confirm with . or Enter, or press ? or * to list all spells.
Okay, then.
Unknown command.
Unknown command.
The ice encasing you melts away.
Your spellforged servitor is no longer encased in ice.
Lom Lobon gestures at you.
Lom Lobon conjures a mighty blast of ice!
The great icy blast engulfs your spellforged servitor!!!
Your spellforged servitor partially resists.
Your spellforged servitor is frozen into a solid block of ice!
Your spellforged servitor is destroyed!
The great icy blast engulfs you!!! You partially resist.
* * * LOW HITPOINT WARNING * * *
You are encased in ice.
Lom Lobon gestures at you.
Lom Lobon conjures a mighty blast of ice!
The great icy blast engulfs you!!! You partially resist.
You die...

≈≈#........⌠.......##≈≈≈≈*
≈##................≈##≈≈≈*
##................§≈≈#*≈≈*
#.......#######...§≈≈≈*≈≈**
#[...####.....#..#§≈≈≈*≈≈≈*
#..###.......$..(###≈≈**≈≈*
..##..........(...°##≈≈*≈≈*
.##,.......§§§§○§○°☼##≈*≈≈*
.#,,.......§§§§§@○☼○○#**≈≈*
##,,.......§§§§§§§☼☼°#*≈≈**
#*,,.......§§§§§§§○°§#*≈≈*
≈#,,.......§§§§8§☼.°§#≈≈≈*
≈#*,......φ§&§§§§☼..##≈≈**
≈≈#*........§§§§§§.##≈≈≈*
≈≈≈*##...........###≈≈≈**
≈≈≈≈≈###......####≈≈≈≈≈*
≈≈≈≈≈≈≈########≈≈≈≈≈≈≈**


You could see Lom Lobon (gusty, poisoned).

Vanquished Creatures
  6 pandemonium lords (Pan)
  the Royal Jelly (Slime:5)
  Dissolution (Slime:2)
  Gloorx Vloq (Pan)
  2 orbs of fire
  A juggernaut (Depths:1)
  The ghost of Dyalist the Unseen, a legendary GnFi of Okawaru (Elf:3)
  Mennas (Depths:4)
  4 ancient liches
  2 Killer Klowns (Zot:3)
  Margery (Vaults:5)
  Saint Roka (Crypt:3)
  Xtahua (Vaults:3)
  3 curse toes
  the Lernaean hydra (Swamp:4)
  14 golden dragons
  9 bone dragons
  A profane servitor (Abyss:1)
  3 Brimstone Fiends
  2 electric golems (Zot:2)
  8 Hell Sentinels
  3 Tzitzimimeh
  2 iron giants (Zig:7)
  11 liches
  16 tentacled monstrosities
  4 Ice Fiends (Pan)
  2 deep elf master archers (Elf:3)
  4 titans
  3 deep elf blademasters
  Frances (D:14)
  3 ancient champions (Crypt:2)
  7 quicksilver dragons
  30 Executioners
  24 acid blobs
  7 sphinxes
  12 shadow dragons
  8 death cobs
  10 storm dragons
  27 tentacled starspawn
  5 thorn hunters
  4 revenants
  4 tengu reavers
  A storm dragon (shapeshifter) (Zig:2)
  4 draconian monks
  14 azure jellies
  2 daevas (Abyss:1)
  12 frost giants
  3 iron dragons
  18 vault wardens
  5 ghost moths
  3 nagarajas (Snake:4)
  2 draconian scorchers
  4 black suns (Pan)
  6 corrupters (Pan)
  4 draconian knights
  6 curse skulls
  An emperor scorpion (Zig:10)
  Aizul (Snake:2)
  10 deep elf sorcerers
  9 fire giants
  22 balrugs
  An orc warlord (Orc:2)
  5 ghouls
  19 cacodemons
  An emperor scorpion (shapeshifter) (Elf:1)
  2 angels
  A draconian shifter (Zot:2)
  5 warmongers (Pan)
  8 deep elf elementalists
  15 ironheart preservers
  6 draconian annihilators
  2 draconian stormcallers (Zot:4)
  2 ophanim
  26 stone giants
  12 reapers
  3 war gargoyles (Vaults:5)
  6 entropy weavers
  31 very ugly things
  8 vampire knights
  12 blood saints (Pan)
  7 green draconians
  4 deep elf demonologists
  Nessos (D:12)
  A dire elephant (Lair:6)
  3 spark wasps
  The ghost of Thantalas the Lord of Darkness, a journeyman DsNe of Kikubaaqudgha (Lair:4)
  6 black draconians
  3 yellow draconians
  8 lorocyprocas
  9 white draconians
  10 red draconians
  6 purple draconians
  The ghost of Xutuduuch the Champion of Chaos, a journeyman DDFi of Makhleb (Lair:1)
  11 eidola
  5 deep elf annihilators
  The ghost of Inuo the Destroyer, a journeyman DrCj of Vehumet (D:12)
  Snorg (Lair:3)
  The ghost of Laoceguss the Fighter, a journeyman GnAK of Lugonu (Lair:3)
  An ettin (shapeshifter) (Depths:3)
  15 deep elf death magi
  15 green deaths
  9 ettins
  9 death oozes
  8 blizzard demons (Pan)
  A mummy priest (Crypt:3)
  23 fire dragons
  5 deep elf high priests
  Josephine (D:12)
  22 yaktaur captains
  11 jiangshi
  15 rakshasas
  A merfolk javelineer (Zig:9)
  12 great orbs of eyes
  9 monstrous demonspawn (Pan)
  9 ogre magi
  41 vault guards
  15 naga warriors
  7 shambling mangroves
  4 spriggan air magi (Depths:5)
  20 hydras
  10 centaur warriors
  12 ice dragons
  The ghost of Hasart the Carver, a journeyman OpFi of Gozag (D:9)
  10 alligators
  2 catoblepae
  14 anacondas
  6 deep troll shamans
  A satyr (Zig:9)
  4 death knights
  14 two-headed ogres
  4 tengu warriors
  30 dancing weapons
  7 death yaks
  A two-headed ogre (shapeshifter) (Vaults:5)
  13 deep troll earth magi
  10 vampire magi
  A titan zombie (Crypt:3)
  5 orc high priests
  7 shock serpents
  A hell hog (Abyss:1)
  23 thrashing horrors
  14 hell knights
  4 spriggan berserkers
  17 naga sharpshooters
  2 storm dragon zombies (Crypt:3)
  58 soul eaters
  27 deep elf knights
  47 sun demons
  28 skeletal warriors
  2 storm dragon skeletons
  25 wretched stars
  A fire crab (Lair:6)
  32 sixfirhies
  A sea snake (shapeshifter) (Depths:2)
  4 iron trolls
  13 shadow wraiths
  4 titan skeletons
  2 sea snakes (Snake:3)
  A spriggan druid (Swamp:3)
  3 spatial maelstroms (Abyss:1)
  A spark wasp zombie (Zig:8)
  10 unseen horrors
  2 salamander mystics
  20 glowing orange brains
  10 infernal demonspawn
  36 deep trolls
  6 gelid demonspawn (Pan)
  8 shadow demons (Pan)
  153 starcursed masses
  13 swamp dragons
  A shadow dragon zombie (Crypt:3)
  9 naga ritualists
  8 flayed ghosts
  7 torturous demonspawn (Pan)
  An obsidian statue (Zig:7)
  21 deep elf archers
  A lindwurm (shapeshifter) (Zig:5)
  9 wizards
  A harpy (shapeshifter) (D:12)
  2 harpies
  12 ironbrand convokers
  An anaconda skeleton (Crypt:3)
  A swamp dragon (shapeshifter) (D:14)
  2 orange crystal statues (Zig:7)
  A golden dragon skeleton (Pan)
  14 phantasmal warriors
  14 orc knights
  5 mana vipers
  19 necromancers
  7 cyclopes
  An orb spider (Zig:10)
  10 orc sorcerers
  A fire giant zombie (Crypt:3)
  5 stone giant zombies
  3 wolf spider zombies
  2 oklob plants (Lair:6)
  2 manticores
  A frost giant zombie (Abyss:1)
  A shining eye (shapeshifter) (Vaults:3)
  82 deep elf magi
  An orb spider (shapeshifter) (Vaults:3)
  6 wolf spiders
  6 salamanders
  2 fauns (Zig:9)
  28 moths of wrath
  61 ugly things
  9 shining eyes
  23 elephants
  A frost giant skeleton (Crypt:3)
  13 worldbinders
  9 vault sentinels
  3 human skeletons
  29 black mambas
  3 iron dragon skeletons
  3 stone giant skeletons
  An elephant (shapeshifter) (Vaults:5)
  A black mamba (shapeshifter) (Depths:2)
  3 fire giant skeletons
  10 guardian serpents
  A water nymph (shapeshifter) (Depths:2)
  2 gargoyles
  A centaur zombie (D:15)
  A guardian serpent (shapeshifter) (Depths:1)
  A torpor snail (Zig:10)
  11 naga magi
  4 rust devils
  4 eyes of devastation
  2 ice statues
  22 spiny frogs
  4 apocalypse crabs
  2 dire elephant skeletons
  69 smoke demons
  A titan simulacrum (Abyss:1)
  A catoblepas zombie (Crypt:1)
  2 spriggan zombies
  5 hellions
  A shock serpent skeleton (Crypt:2)
  19 orange demons
  A yellow draconian zombie (Crypt:3)
  A minotaur zombie (Crypt:1)
  7 komodo dragons
  A redback zombie (Crypt:1)
  A rime drake (Lair:5)
  6 efreet
  80 yaktaurs
  13 tormentors
  16 freezing wraiths
  4 human zombies
  2 ice devils
  39 demonic crawlers
  A yaktaur (shapeshifter) (Depths:2)
  2 kobold demonologists (Abyss:1)
  4 guardian mummies
  2 tengu conjurers
  A meliai (shapeshifter) (Depths:1)
  2 hydra zombies
  47 hellwings
  7 jumping spiders
  2 catoblepas skeletons
  A green draconian skeleton (Crypt:2)
  A queen bee (shapeshifter) (Depths:2)
  An iron troll zombie (Crypt:1)
  29 red devils
  21 ancient zymes
  5 trolls
  16 polar bears
  29 hornets
  A polar bear (shapeshifter) (D:14)
  2 wolf spider simulacra
  Prince Ribbit (D:7)
  A merfolk (shapeshifter) (Zig:5)
  A troll (shapeshifter) (Depths:2)
  A wind drake (shapeshifter) (Depths:2)
  A hornet (shapeshifter) (Vaults:2)
  An alligator zombie (Crypt:3)
  12 dream sheep
  2 harpy skeletons
  2 raiju (shapeshifter)
  17 blink frogs
  A stone giant simulacrum (Vaults:1)
  112 slime creatures
  47 raiju
  18 tyrant leeches
  An ice dragon zombie (Abyss:1)
  A fire dragon zombie (Crypt:3)
  A blink frog (shapeshifter) (Depths:2)
  26 bog bodies
  4 hippogriffs
  2 ettin zombies
  A fire giant simulacrum (Abyss:1)
  3 ice dragon skeletons
  Sigmund (D:2)
  2 tarantellas (Zig:10)
  11 redbacks
  29 flying skulls
  A black mamba zombie (Crypt:3)
  19 wraiths
  32 ynoxinuls
  A shapeshifter (D:15)
  An ettin skeleton (Pan)
  A spriggan (shapeshifter) (Vaults:2)
  12 water elementals
  5 air elementals
  2 fire dragon skeletons
  18 shadows
  3 wyverns
  2 ushabtiu (Crypt:3)
  17 spriggans
  A yak (shapeshifter) (D:14)
  2 basilisks
  14 fire bats
  7 fire elementals
  44 yaks
  A basilisk (shapeshifter) (Vaults:1)
  18 golden eyes
  A golden eye (shapeshifter) (Vaults:4)
  28 neqoxecs
  66 small abominations
  58 chaos spawn
  5 hungry ghosts
  A harpy simulacrum (Abyss:3)
  125 large abominations
  A spatial vortex (Abyss:1)
  49 nagas
  11 vampire mosquitoes
  A torturous demonspawn zombie (Crypt:1)
  A monstrous demonspawn zombie (Crypt:2)
  A soldier ant (D:15)
  6 wargs
  An acid dragon (shapeshifter) (Depths:2)
  2 acid dragons
  12 insubstantial wisps
  2 spiny frog zombies
  16 swamp worms
  20 water moccasins
  9 hell hounds
  6 floating eyes
  A manticore zombie (Crypt:3)
  2 merfolk skeletons
  9 porcupines
  An ice beast (shapeshifter) (Abyss:1)
  15 swamp drakes
  36 orc warriors
  3 sky beasts
  9 eyes of draining
  2 phantoms
  A swamp dragon zombie (Crypt:3)
  4 ice beasts
  3 black bears
  19 ogres
  10 boggarts
  2 necrophages
  An orc zombie (Vaults:1)
  22 wolves
  A centaur (shapeshifter) (Depths:2)
  A lindwurm skeleton (Crypt:2)
  2 snapping turtle skeletons (Crypt:3)
  16 centaurs
  13 crocodiles
  7 big kobolds
  20 bullfrogs
  A glowing shapeshifter simulacrum (Vaults:3)
  3 earth elementals
  8 wyvern skeletons
  4 scorpions
  A water moccasin skeleton (Crypt:2)
  A manticore simulacrum (Abyss:1)
  5 killer bees (D:9)
  15 wights
  3 electric eels
  4 howler monkeys
  10 crimson imps
  11 quasits
  A basilisk zombie (Crypt:2)
  6 lava snakes (Volcano)
  4 human simulacra
  Crazy Yiuf (D:2)
  17 orc priests
  A gnoll shaman (Orc:2)
  8 hounds
  13 jellies
  28 orc wizards
  A bullfrog skeleton (D:9)
  8 centaur skeletons
  12 iron imps
  3 iguanas (D:14)
  Terence (D:2)
  9 worker ants
  A centaur simulacrum (Abyss:1)
  A demigod skeleton (Crypt:1)
  A crocodile skeleton (Crypt:2)
  A hound zombie (D:5)
  7 mummies
  2 worker ant zombies
  A howler monkey skeleton (D:10)
  4 gnolls (Orc:2)
  28 adders
  A swamp drake zombie (Crypt:1)
  4 shadow imps
  12 white imps
  15 ufetubi
  2 oozes
  An adder skeleton (D:4)
  3 worms
  5 leopard geckos
  68 orcs
  7 ball pythons
  10 bats
  7 giant cockroaches
  3 goblins (D:1)
  6 hobgoblins
  18 jackals
  30 kobolds
  4 quokkas
  3 frilled lizards
  A goblin skeleton (Crypt:1)
  A kobold skeleton (Crypt:2)
  An orc skeleton (Pan)
  6 rats
  A rat zombie (Crypt:1)
  10 briar patches
  10 butterflies (Vaults:3)
  3 crawling corpses (Crypt:3)
  10 fungi
  3 lurking horrors
  3 macabre masses (Abyss:3)
  2 plants
  3 spectral weapons
  23 starspawn tentacles
  7 withered plants (Crypt:3)
4179 creatures vanquished.

Vanquished Creatures (collateral kills)
  An ancient lich (Depths:2)
  A lich (Pan)
  A shadow dragon (Depths:2)
  A pandemonium lord (Pan)
  3 green deaths (Pan)
  A deep troll earth mage (Depths:2)
  A shadow demon (Pan)
  2 hellwings (Pan)
  2 ball lightnings (Pan)
13 creatures vanquished.

Vanquished Creatures (others)
  A golden dragon (Zig:5)
  A deep elf annihilator (Elf:1)
  An ironbrand convoker (Vaults:1)
  A yaktaur (Volcano)
  A hellwing (Crypt:3)
  2 large abominations
  A shadow (Zig:8)
  A yak (IceCv)
  A golden eye (Abyss:1)
  4 small abominations (Abyss:1)
  A boggart (Depths:2)
  3 wolves (IceCv)
  A centaur (Depths:4)
  An ufetubus (Vaults:4)
  10 ball lightnings (Pan)
  6 orcs (Orc:1)
  4 briar patches (Swamp:4)
  28 fungi
  3 lurking horrors
  31 plants
  72 spectral weapons
  41 starspawn tentacles
  24 withered plants
239 creatures vanquished.

Grand Total: 4431 creatures vanquished

Notes
Turn   | Place    | Note
-------+----------+-------------------------------------------
     0 | D:1      | Malog the Formicid Hunter began the quest for the Orb.
     0 | D:1      | Reached XP level 1. HP: 16/16 MP: 1/1
   163 | D:1      | Reached XP level 2. HP: 18/22 MP: 2/2
   326 | D:1      | Reached skill level 1 in Armour
   542 | D:1      | Reached XP level 3. HP: 27/27 MP: 3/3
  1355 | D:2      | Noticed Sigmund
  1585 | D:2      | You fall into a shaft and drop 1 floor!
  1612 | D:3      | Reached XP level 4. HP: 33/33 MP: 4/4
  1707 | D:3      | Reached skill level 1 in Maces & Flails
  2391 | D:3      | Found a glowing golden altar of the Shining One.
  2591 | D:4      | Reached skill level 5 in Crossbows
  2716 | D:4      | Reached XP level 5. HP: 34/38 MP: 5/5
  2765 | D:4      | Found a shimmering altar of Xom.
  3071 | D:4      | Reached XP level 6. HP: 44/44 MP: 6/6
  3591 | D:4      | Reached skill level 1 in Shields
  3876 | D:4      | Reached XP level 7. HP: 36/50 MP: 7/7
  4091 | D:5      | Entered Level 5 of the Dungeon
  4201 | D:5      | Noticed a hungry ghost
  4217 | D:5      | Killed a hungry ghost
  4329 | D:5      | Identified the +8 whip of Fear {freeze, rElec Dex+3}
  4360 | D:5      | Found a staircase to the Ecumenical Temple.
  4380 | Temple   | Entered the Ecumenical Temple
  4393 | Temple   | Became a worshipper of Cheibriados the Contemplative
  4440 | D:5      | Found an opulent altar of Gozag.
  4446 | D:5      | Found a stormy altar of Qazlal.
  4485 | D:5      | Reached XP level 8. HP: 39/56 MP: 8/8
  4676 | D:5      | Found Jeunerab's Armour Boutique.
  4699 | D:5      | Bought a scarf of repulsion for 168 gold pieces
  4699 | D:5      | Bought a +0 tower shield for 63 gold pieces
  4745 | D:5      | Gained mutation: You are partially covered in molten
                  | scales. (AC +2) [potion of mutation]
  4745 | D:5      | Gained mutation: You are resistant to hostile enchantments.
                  | (MR+) [potion of mutation]
  4745 | D:5      | Gained mutation: You are somewhat resistant to further
                  | mutation. [potion of mutation]
  4795 | D:5      | Reached skill level 5 in Armour
  5222 | D:5      | You fall into a shaft and drop 2 floors!
  5378 | D:7      | Found an ornate altar of the Wu Jian Council.
  5501 | D:7      | Reached XP level 9. HP: 61/61 MP: 9/9
  5501 | D:7      | Noticed Prince Ribbit
  5507 | D:7      | Reached skill level 5 in Maces & Flails
  5532 | D:7      | Killed Prince Ribbit
  5532 | D:7      | Reached skill level 5 in Shields
  5555 | D:7      | Reached * piety under Cheibriados
  6328 | D:6      | Identified a scroll of acquirement
  7073 | D:7      | Reached ** piety under Cheibriados
  7250 | D:7      | Reached XP level 10. HP: 53/71 MP: 10/10
  7643 | D:8      | Noticed a two-headed ogre
  7742 | D:8      | Found a sparkling altar of Nemelex Xobeh.
  7891 | D:8      | Reached *** piety under Cheibriados
  7970 | D:8      | Reached skill level 5 in Fighting
  8031 | D:8      | Found a staircase to the Lair.
  8036 | D:8      | Killed a two-headed ogre
  8181 | D:8      | Reached XP level 11. HP: 74/81 MP: 11/11
  8398 | D:8      | Found a shadowy altar of Dithmenos.
  8782 | D:9      | Found a large runed translucent door.
  8782 | D:9      | Found a large runed translucent door.
  8785 | D:9      | Noticed Hasart's ghost (journeyman OpFi)
  8942 | D:9      | Found a stormy altar of Qazlal.
  8985 | D:9      | Killed Hasart's ghost
  8985 | D:9      | Reached **** piety under Cheibriados
  9152 | D:9      | Noticed a tengu warrior
  9167 | D:9      | Killed a tengu warrior
  9180 | D:9      | Got a smoking brass ring
  9180 | D:9      | Got a warped great sword
  9231 | D:9      | Noticed a two-headed ogre
  9240 | D:9      | Killed a two-headed ogre
  9280 | D:9      | Noticed a two-headed ogre
  9292 | D:9      | Killed a two-headed ogre
  9540 | D:9      | Identified the ring "Ynyret" {rPois rN+ rCorr Dex+3 Stlth-}
                  | (You found it on level 9 of the Dungeon)
  9544 | D:9      | Identified the +1 great sword "Jylig" {vorpal, Dex+3} (You
                  | found it on level 9 of the Dungeon)
  9802 | D:10     | Entered Level 10 of the Dungeon
  9824 | D:10     | Reached skill level 1 in Invocations
  9848 | D:10     | Reached ***** piety under Cheibriados
  9848 | D:10     | Reached XP level 12. HP: 91/91 MP: 13/13
  9864 | D:10     | Noticed an unseen horror
  9868 | D:10     | Killed an unseen horror
  9875 | D:10     | Identified the Papyrus of Intoxication
  9967 | D:10     | Found a staircase to the Orcish Mines.
 10290 | D:10     | Noticed an unseen horror
 10294 | D:10     | Killed an unseen horror
 10294 | D:10     | Reached skill level 5 in Invocations
 10487 | D:10     | Noticed an unseen horror
 10493 | D:10     | Killed an unseen horror
 10513 | D:10     | Got an encrusted ring mail
 11239 | D:12     | Found a runed translucent door.
 11239 | D:12     | Found a shimmering altar of Xom.
 11239 | D:12     | Noticed Inuo's ghost (journeyman DrCj)
 11239 | D:12     | Noticed a +0 long sword of chaos
 11249 | D:12     | Found a frozen archway.
 11480 | IceCv    | Entered an ice cave
 11695 | IceCv    | Identified the +5 ring mail of Poxowuof {rElec Int+4 Dex+3}
                  | (You found it on level 10 of the Dungeon)
 12203 | IceCv    | Found the +3 hat of Pondering {ponderous, MR+ MP+10 Int+5}
 12265 | IceCv    | Reached skill level 10 in Crossbows
 12782 | IceCv    | Reached XP level 13. HP: 98/98 MP: 20/20
 12956 | IceCv    | Reached ****** piety under Cheibriados
 12977 | IceCv    | Reached skill level 10 in Shields
 13029 | IceCv    | Noticed a frost giant
 13045 | IceCv    | Killed a frost giant
 13690 | D:12     | Found Heofass's Armour Boutique.
 13754 | D:12     | Noticed Nessos
 13760 | D:12     | Killed Nessos
 13890 | D:12     | Reached skill level 10 in Maces & Flails
 14597 | D:13     | Noticed Josephine
 14604 | D:12     | Killed Josephine
 14689 | D:13     | Reached skill level 10 in Fighting
 15005 | D:12     | Reached XP level 14. HP: 69/110 MP: 19/21
 15170 | Lair:1   | Entered Level 1 of the Lair of Beasts
 15205 | Lair:1   | Found a gate leading to a gauntlet.
 15472 | Lair:1   | Found a runed translucent gate.
 15472 | Lair:1   | Found a runed translucent gate.
 15472 | Lair:1   | Found a runed translucent gate.
 15474 | Lair:1   | Noticed Xutuduuch's ghost (journeyman DDFi)
 15832 | Lair:1   | You fall into a shaft and drop 1 floor!
 16318 | Lair:2   | Found a blossoming altar of Fedhas.
 17048 | Lair:3   | Found a dark tunnel.
 17066 | Volcano  | Entered a volcano
 17756 | Lair:3   | Noticed Snorg
 17770 | Lair:3   | You fall into a shaft and drop 2 floors!
 18222 | Lair:4   | Found a transporter.
 18308 | Lair:4   | You fall into a shaft and drop 2 floors!
 18308 | Lair:6   | Entered Level 6 of the Lair of Beasts
 19534 | Lair:6   | Noticed a dire elephant
 19612 | Lair:6   | Killed a dire elephant
 19612 | Lair:6   | Reached XP level 15. HP: 115/115 MP: 22/22
 20561 | Lair:5   | Found a staircase to the Slime Pits.
 21382 | Lair:4   | Identified the +12 trident of Modesty {antimagic, MP+9
                  | Str+3}
 21383 | Lair:4   | Noticed Thantalas's ghost (journeyman DsNe)
 21406 | Lair:4   | Found a bloodstained altar of Trog.
 21413 | Lair:4   | Found a transporter.
 21447 | Lair:4   | Reached skill level 10 in Invocations
 21620 | Lair:4   | Found a staircase to the Swamp.
 21633 | Lair:4   | Got an encrusted scimitar
 21638 | Lair:4   | Identified the cursed +1 scimitar "Rajo" {vorpal, *Noise
                  | +Inv rN+++ Stlth-} (You found it on level 4 of the Lair of
                  | Beasts)
 22306 | Lair:3   | Killed Snorg
 22345 | Lair:3   | Found a staircase to the Snake Pit.
 22588 | Lair:3   | Found a runed translucent door.
 22591 | Lair:3   | Noticed Laoceguss's ghost (journeyman GnAK)
 23229 | D:2      | Noticed Terence
 23232 | D:2      | Killed Terence
 23349 | D:2      | Killed Sigmund
 23652 | D:2      | Found a shattered altar of Ashenzari.
 23652 | D:2      | Found a burning altar of Makhleb.
 23653 | D:2      | Found a glowing golden altar of the Shining One.
 23691 | D:2      | Found a runed translucent door.
 23692 | D:2      | Noticed Crazy Yiuf
 23697 | D:2      | Killed Crazy Yiuf
 23938 | Orc:1    | Entered Level 1 of the Orcish Mines
 24846 | Orc:1    | Found a roughly hewn altar of Beogh.
 24858 | Orc:2    | Entered Level 2 of the Orcish Mines
 24921 | Orc:2    | Noticed an orc warlord
 25279 | Orc:2    | Found a staircase to the Elven Halls.
 25409 | Orc:2    | Killed an orc warlord
 25765 | Orc:2    | Reached XP level 16. HP: 116/125 MP: 24/24
 26083 | Orc:2    | Found Qema's Book Boutique.
 26083 | Orc:2    | Found Oneibu's Food Boutique.
 26084 | Orc:2    | Found Kiclyuc's Magic Scroll Emporium.
 26084 | Orc:2    | Found Efeblev's Armour Emporium.
 26680 | D:13     | Found a gate to the Vaults.
 26967 | D:13     | Found a blossoming altar of Fedhas.
 28179 | D:14     | Noticed Frances
 28199 | D:14     | Killed Frances
 28705 | Snake:1  | Entered Level 1 of the Snake Pit
 29269 | Snake:1  | Reached skill level 15 in Shields
 29637 | Snake:1  | Upgraded the game from 0.25-a0-937-gcfae464cf3 to
                  | 0.25-a0-940-gc6eaff51cc
 29914 | Snake:2  | Found an opulent altar of Gozag.
 29932 | Snake:2  | Got a brightly glowing lead ring
 29933 | Snake:2  | Identified the ring "Zusull" {Fire *Contam Str+2 Dex+4}
                  | (You found it on level 2 of the Snake Pit)
 30118 | Snake:2  | Noticed Aizul
 30147 | Snake:2  | Killed Aizul
 30147 | Snake:2  | Reached XP level 17. HP: 102/133 MP: 26/26
 31711 | Snake:3  | Got an iridescent short sword
 32354 | Elf:1    | Entered Level 1 of the Elven Halls
 33490 | Elf:1    | Reached XP level 18. HP: 131/143 MP: 26/28
 33585 | Elf:1    | Reached skill level 1 in Spellcasting
 34251 | Elf:1    | Learned a level 2 spell: Passwall
 34253 | Elf:1    | Learned a level 1 spell: Animate Skeleton
 34258 | Elf:1    | Learned a level 4 spell: Passage of Golubria
 34262 | Elf:1    | Learned a level 3 spell: Lesser Beckoning
 34335 | Elf:1    | Reached skill level 1 in Earth Magic
 34720 | Elf:1    | Identified the Handbook of Confrontation and Creation
 34763 | Elf:2    | Reached skill level 1 in Translocations
 34844 | Elf:2    | Reached skill level 5 in Spellcasting
 34872 | Elf:2    | Reached skill level 2 in Earth Magic
 35227 | Elf:2    | Reached skill level 3 in Earth Magic
 35699 | Elf:2    | Found a runed translucent gate.
 35699 | Elf:2    | Found a runed translucent gate.
 35699 | Elf:2    | Found a runed translucent gate.
 35750 | Elf:2    | Reached skill level 4 in Earth Magic
 35922 | Elf:2    | Noticed a deep elf blademaster
 35936 | Elf:2    | Killed a deep elf blademaster
 36539 | Elf:2    | Reached skill level 5 in Translocations
 37631 | Lair:1   | You fall into a shaft and drop 1 floor!
 37708 | Lair:1   | Killed Xutuduuch's ghost
 37724 | Lair:1   | Identified the Catalogue of the Enchanting Volcanoes
 37994 | Elf:3    | Entered Level 3 of the Elven Halls
 38048 | Elf:3    | Found a runed translucent door.
 38049 | Elf:3    | Noticed Dyalist's ghost (legendary GnFi)
 38177 | Elf:3    | Reached XP level 19. HP: 131/149 MP: 31/31
 38756 | Elf:3    | Reached skill level 10 in Spellcasting
 39522 | Elf:3    | Got a heavy robe
 39523 | Elf:3    | Identified the +1 robe of Defence {rN+ Dex+4} (You found it
                  | on level 3 of the Elven Halls)
 40096 | Elf:3    | Identified the +11 rapier "Grim" {vorpal, rPois rF- Str+2
                  | Dex+4}
 40221 | Elf:3    | Learned a level 1 spell: Summon Butterflies
 40254 | Elf:3    | Got steaming storm dragon scales
 40258 | Elf:3    | Identified the +10 storm dragon scales of Idealism {rElec
                  | rF+ rC+ Int+3} (You found it on level 3 of the Elven Halls)
 40296 | Elf:3    | Learned a level 1 spell: Apportation
 40357 | Elf:3    | Learned a level 2 spell: Song of Slaying
 40361 | Elf:3    | Learned a level 3 spell: Ozocubu's Armour
 40365 | Elf:3    | Learned a level 3 spell: Spectral Weapon
 40375 | Elf:3    | Learned a level 7 spell: Ring of Flames
 40948 | Orc:2    | Malog: test
 40948 | Orc:2    | Upgraded the game from 0.25-a0-940-gc6eaff51cc to
                  | 0.25-a0-949-gdd2af9e06e
 41141 | Swamp:1  | Entered Level 1 of the Swamp
 41181 | Swamp:1  | Reached skill level 1 in Hexes
 41269 | Swamp:1  | Reached skill level 1 in Charms
 41418 | Swamp:1  | Malog: ??Beckoning
 41418 | Swamp:1  | beem: I don't have a page labeled Beckoning in my learndb.
 42520 | Swamp:2  | Reached XP level 20. HP: 144/156 MP: 32/36
 42563 | Swamp:2  | Upgraded the game from 0.25-a0-949-gdd2af9e06e to
                  | 0.25-a0-975-gcae8493d64
 42574 | Swamp:2  | AoiMiko: Ням
 42636 | Swamp:2  | Reached skill level 5 in Charms
 42697 | Swamp:2  | Got a warped robe
 42698 | Swamp:2  | Identified the +0 robe of the Dice {Str+6} (You found it on
                  | level 2 of the Swamp)
 43322 | Swamp:3  | Found a shadowy altar of Dithmenos.
 44123 | Swamp:4  | Entered Level 4 of the Swamp
 44719 | Swamp:3  | Reached skill level 10 in Armour
 45368 | Swamp:4  | Noticed the 27-headed Lernaean hydra
 45378 | Swamp:4  | Killed the 27-headed Lernaean hydra
 45694 | Swamp:4  | Got a decaying rune of Zot
 46377 | Snake:4  | Entered Level 4 of the Snake Pit
 46846 | Snake:4  | Reached skill level 15 in Fighting
 46950 | Snake:4  | Reached XP level 21. HP: 168/168 MP: 27/37
 46969 | Snake:4  | Malog: ??slaying
 46969 | Snake:4  | beem: slaying[1/2]: Added to your weapon {enchantment}.
                  | Magic is unaffected, throwing and unarmed combat are
                  | affected.
 46969 | Snake:4  | Malog: ??slaying[2
 46969 | Snake:4  | beem: slaying[2/2]: Like other stat rings, slaying rings
                  | can generate as high as +6 and as low as -6.
 46969 | Snake:4  | Malog: ??song of slay
 46969 | Snake:4  | beem: song of slay ~ song of slaying[1/1]: Level 2 Charms
                  | spell which makes a lot of noise but gives you a slaying
                  | bonus for each monster you kill while it is active. It does
                  | work with ranged combat, but not with spells.
 47148 | Snake:4  | Reached skill level 15 in Maces & Flails
 47427 | Snake:4  | Found Marougi's Gadget Emporium.
 47429 | Snake:4  | Found Atoeg's Antique Armour Shoppe.
 47431 | Snake:4  | Found Jaxymup's Jewellery Emporium.
 47988 | Snake:4  | Got a serpentine rune of Zot
 48692 | Elf:3    | Killed Dyalist's ghost
 49018 | Lair:4   | Killed Thantalas's ghost
 49149 | Lair:3   | Killed Laoceguss's ghost
 49407 | D:12     | Killed Inuo's ghost
 49420 | D:12     | DogServant: *бегает и размахивает хвостом во все стороны*
 49463 | D:14     | DogServant: Арф
 49464 | D:15     | Entered Level 15 of the Dungeon
 49632 | D:15     | DogServant: Блин, с телефона не посмотреть толком
 49671 | D:15     | AoiMiko: С лисички получалось.
 49684 | D:15     | AoiMiko: Если не приближать.
 49837 | D:15     | DogServant: А гугл сам приближает чат, бака такая.
 49847 | D:15     | Found a staircase to the Depths.
 49853 | D:15     | AoiMiko: лисичка!
 49857 | D:15     | DogServant: Фига жук с цепой!
 49983 | D:15     | DogServant: Я бы даже сказала
 50005 | D:15     | DogServant: Жижжь
 50250 | D:15     | DogServant: Кракозябры совсем разваливаются
 50536 | Depths:1 | Entered Level 1 of the Depths
 50547 | Depths:1 | Reached skill level 1 in Fire Magic
 50562 | Depths:1 | Reached XP level 22. HP: 163/178 MP: 13/38
 50830 | Depths:1 | Reached skill level 5 in Fire Magic
 51129 | Depths:1 | DogServant: А он прямо прогрызает стены?
 51310 | Depths:1 | Noticed a juggernaut
 51328 | Depths:1 | You fall into a shaft and drop 1 floor!
 51629 | Depths:2 | Identified the +5 halberd "Guschefi" {drain, rElec Stlth+}
 51927 | Depths:2 | DogServant: Урф...
 51948 | Depths:2 | AoiMiko: ^_^
 52029 | Depths:2 | Found a gateway to Hell.
 52124 | Depths:2 | Malog: ??demon whip
 52124 | Depths:2 | beem: demon whip[1/2]: (maces & flails; +1 acc / 11 dam /
                  | 1.1 base delay / 0.5 min delay). A terrible weapon, woven
                  | in the depths of the inferno. Can be {bless}ed into a
                  | {sacred scourge}.
 52124 | Depths:2 | DogServant: АААА
 52124 | Depths:2 | DogServant: Вы в конкорде!!
 52124 | Depths:2 | DogServant: Блин, я бака совсем
 52124 | Depths:2 | AoiMiko: !!
 52124 | Depths:2 | Malog: ??demon whip[2
 52124 | Depths:2 | beem: demon whip[2/2]: It's not that terrible!
 52124 | Depths:2 | DogServant: Я не заметила
 52127 | Depths:2 | Found a one-way gate to the infinite horrors of the Abyss.
 52389 | Depths:2 | Reached skill level 10 in Charms
 52401 | Depths:2 | Identified the ring of Desertification {+Fly rElec SInv}
 52407 | Depths:2 | Noticed an ancient lich
 52408 | Depths:2 | DogServant: Перетащила ноут
 52421 | Depths:2 | Killed an ancient lich
 52421 | Depths:2 | Reached skill level 10 in Fire Magic
 52421 | Depths:2 | Reached XP level 23. HP: 159/184 MP: 35/39
 52674 | Depths:2 | Got a faintly glowing leather armour
 52789 | Depths:2 | Noticed a golden dragon
 52800 | Depths:2 | Killed a golden dragon
 52860 | Depths:2 | Got a distressingly furry scale mail
 53252 | Depths:1 | Killed a juggernaut
 53317 | Depths:1 | Found a runed translucent door.
 53765 | Depths:1 | Found a portal to a secret trove of treasure.
 53976 | Depths:3 | Found a gateway to a ziggurat.
 54204 | Depths:3 | Malog: ??formidic
 54204 | Depths:3 | beem: formidic ~ formicid[1/2]: Ant-people species with
                  | permanent stasis, digging and self-shaft abilities,
                  | antennae, and human HP, MP and XP apts. Medium sized, but
                  | all usable weapons are one-handed for them and they have
                  | shield penalties of large races.
 54204 | Depths:3 | Malog: ??formidic[2
 54204 | Depths:3 | beem: formidic ~ formicid[2/2]: don't forget to use shafts
                  | to go back down after you go up to retrieve an item
 54559 | Depths:3 | Found a one-way gate leading to the halls of Pandemonium.
 55110 | Depths:3 | You fall into a shaft and drop 2 floors!
 55110 | Depths:5 | Entered Level 5 of the Depths
 55173 | Depths:5 | Reached XP level 24. HP: 154/191 MP: 37/39
 55218 | Depths:4 | Noticed Mennas
 55296 | Depths:4 | Malog: ??rneg
 55296 | Depths:4 | beem: life protection[1/1]: Resistance to draining attacks,
                  | shown on artifact inscriptions as rN+. Three levels makes
                  | you completely immune. As in, it turns shadow dragons into
                  | mostly harmless kittens. Also gives partial resistance to
                  | torment (5% per level, so at rN+++, torment will make you
                  | lose 35% hp, instead of 50%).
 55452 | Depths:5 | Malog: ??lehudib
 55452 | Depths:5 | beem: lehudib's crystal spear[1/1]: AKA: Crystal spear or
                  | the acronym LCS. Level 8 Conjurations/Earth spell, found
                  | only in Book of Annihilations, randart Sif gifts, and
                  | Vehumet offerings. 10d22.3 at max power, theoretically, and
                  | unresistable. The strongest single target conjuration, but
                  | its range is one square less than that of Iron Shot.
                  | To-hit: 10+power/15.
 56017 | Depths:4 | Killed Mennas
 56265 | Depths:4 | Malog: ??sacred
 56265 | Depths:4 | beem: I don't have a page labeled sacred in my learndb.
 56265 | Depths:4 | AoiMiko: ??holy
 56265 | Depths:4 | beem: holy wrath[1/1]: Increases damage by 75% on average
                  | against undead and demons. These folks also cannot wield
                  | it. Does not hate evil creatures which are not undead or
                  | demons. This means that holy wrath is ineffective against
                  | hell knights, and some worshippers of evil gods can wield
                  | it.
 57426 | Depths:4 | Voluntarily entered the Abyss.
 57434 | Abyss:1  | Got a spiked cloak
 57435 | Abyss:1  | Identified the cursed +0 cloak "Qaugg" {Str+3} (You found
                  | it on level 1 of the Abyss)
 57634 | Abyss:2  | Identified the Volume of Lucky Cold
 57693 | Depths:4 | Escaped the Abyss
 57695 | Depths:4 | Voluntarily entered the Abyss.
 57695 | Abyss:1  | Found a corrupted altar of Lugonu.
 57696 | Abyss:1  | DogServant: ??abominatiob
 57696 | Abyss:1  | beem: abominatiob ~ abomination[1/1]: A hideous undead
                  | form. Lightred x; uppercase (large) abominations are much
                  | stronger. Mostly an Abyss spawn, or in Pan as Executioner
                  | bands members.
 57898 | Abyss:1  | Identified Sif Muna's Thaumaturgy, Part One
 58331 | Abyss:1  | Malog: ??sick
 58331 | Abyss:1  | beem: sick[1/2]: When you are sick, your hit points do not
                  | regenerate, and you may occasionally suffer one-point stat
                  | drains. The sickness can be removed most commonly with time
                  | or with a potion of curing.
 58595 | Abyss:1  | Reached XP level 25. HP: 190/197 MP: 37/40
 58641 | Abyss:1  | Found a corrupted altar of Lugonu.
 58924 | Depths:4 | Escaped the Abyss
 59749 | Depths:5 | Reached skill level 15 in Armour
 59754 | Depths:5 | Reached skill level 15 in Charms
 60291 | Depths:5 | Found a gate to the Realm of Zot.
 60453 | Vaults:1 | Entered Level 1 of the Vaults
 60493 | Vaults:1 | Reached skill level 15 in Fire Magic
 60634 | Vaults:1 | Found Ugirout's Food Boutique.
 61086 | Vaults:1 | Reached skill level 15 in Crossbows
 61148 | Vaults:1 | Reached XP level 26. HP: 162/205 MP: 41/41
 62182 | Vaults:2 | Identified the +1 trident of Ruruefra {elec, rElec MR-
                  | Dex+3}
 62364 | Vaults:2 | Found a staircase to the Crypt.
 63180 | Vaults:3 | AoiMiko: ??arbalest
 63180 | Vaults:3 | beem: arbalest[1/1]: Crossbow. +2 acc, 18 base damage,
                  | 19/10 base/mindelay. Used to just be called 'crossbow'.
 63208 | Vaults:3 | AoiMiko: ??crossbow
 63208 | Vaults:3 | beem: crossbow[1/1]: (acc,dam,delay,mindelay) [Hands]: hand
                  | crossbow (+5/12/1.5/1.0) [1H], arbalest (+2/18/1.9/1.0)
                  | [2H], triple crossbow (+0/22/2.3/1.0) [2H]. Fires bolts.
 63277 | Vaults:3 | Found Xeeta's Assorted Antiques.
 63285 | Vaults:3 | Bought a potion of heal wounds for 150 gold pieces
 63285 | Vaults:3 | Bought a scroll of enchant armour for 225 gold pieces
 63319 | Vaults:3 | Found the +5 robe of Night {Dark MR+ SInv}
 63546 | Vaults:3 | Noticed Xtahua
 63557 | Vaults:3 | Killed Xtahua
 63871 | Vaults:3 | Reached skill level 15 in Spellcasting
 64107 | Vaults:3 | Found a huge runed gate.
 64107 | Vaults:3 | Found a huge runed gate.
 64107 | Vaults:3 | Found a huge runed gate.
 64107 | Vaults:3 | Found a huge runed gate.
 64107 | Vaults:3 | Found a huge runed gate.
 64107 | Vaults:3 | Found a huge runed gate.
 64107 | Vaults:3 | Found a huge runed gate.
 64107 | Vaults:3 | Found a huge runed gate.
 64107 | Vaults:3 | Found a huge runed gate.
 64108 | Vaults:3 | Found a huge runed gate.
 64115 | Vaults:3 | Found a huge runed gate.
 64115 | Vaults:3 | Found a huge runed gate.
 64115 | Vaults:3 | Found a huge runed gate.
 64115 | Vaults:3 | Found a huge runed gate.
 64115 | Vaults:3 | Found a huge runed gate.
 64115 | Vaults:3 | Found a huge runed gate.
 64115 | Vaults:3 | Found a huge runed gate.
 64116 | Vaults:3 | Found a huge runed gate.
 64117 | Vaults:3 | Found a huge runed gate.
 64125 | Vaults:3 | Found a huge runed gate.
 64125 | Vaults:3 | Found a huge runed gate.
 64125 | Vaults:3 | Found a huge runed gate.
 64125 | Vaults:3 | Found a huge runed gate.
 64125 | Vaults:3 | Found a huge runed gate.
 64125 | Vaults:3 | Found a huge runed gate.
 64125 | Vaults:3 | Found a huge runed gate.
 64126 | Vaults:3 | Found a huge runed gate.
 64127 | Vaults:3 | Found a huge runed gate.
 64137 | Vaults:3 | Found a huge runed gate.
 64137 | Vaults:3 | Found a huge runed gate.
 64137 | Vaults:3 | Found a huge runed gate.
 64137 | Vaults:3 | Found a huge runed gate.
 64137 | Vaults:3 | Found a huge runed gate.
 64137 | Vaults:3 | Found a huge runed gate.
 64137 | Vaults:3 | Found a huge runed gate.
 64138 | Vaults:3 | Found a huge runed gate.
 65472 | Vaults:4 | Reached XP level 27. HP: 214/214 MP: 42/42
 65737 | Vaults:3 | You fall into a shaft and drop 1 floor!
 66297 | Vaults:5 | Entered Level 5 of the Vaults
 66415 | Vaults:5 | Noticed an ancient lich
 66548 | Vaults:5 | Killed an ancient lich
 66753 | Vaults:5 | DogServant: ??gold_dragon
 66753 | Vaults:5 | beem: golden dragon[1/1]: A dragon that breathes bolts of
                  | fire and cold, and big clouds of poison. Less HP than a
                  | shadow dragon! Sometimes drops {gold dragon scales} when it
                  | dies.
 66760 | Vaults:5 | DogServant: ??gold_dragon_scales
 66760 | Vaults:5 | beem: gold dragon scales[1/4]: 12AC, 23ER, rF+ rC+ rPois.
                  | Sometimes dropped by a {golden dragon} when it dies.
 67242 | Vaults:5 | Noticed Margery
 67260 | Vaults:5 | Killed Margery
 67265 | Vaults:5 | Malog: ??margery
 67265 | Vaults:5 | beem: margery[1/2]: A lithe spellcaster escorted by hell
                  | knights. Usually wearing fire, acid, or swamp dragon
                  | scales. Spells: bolt of fire, fireball.
 67265 | Vaults:5 | Malog: ??margery[2
 67265 | Vaults:5 | beem: hell knight[2/2]: 44.4% no brand, 28.9% flaming,
                  | 8.89% draining, 8.89% vorpal, 4.44% pain, 4.44% distortion.
 67409 | Vaults:5 | Identified the +1 plate armour "Jatacus" {-Cast Slay+5}
 67533 | Vaults:5 | AoiMiko: ??golden dragon armor
 67534 | Vaults:5 | beem: golden dragon armor ~ golden dragon armour ~ gold
                  | dragon scales[1/4]: 12AC, 23ER, rF+ rC+ rPois. Sometimes
                  | dropped by a {golden dragon} when it dies.
 67758 | Vaults:5 | AoiMiko: ??golden dragon armor[2
 67758 | Vaults:5 | beem: golden dragon armor ~ golden dragon armour ~ gold
                  | dragon scales[2/4]: The chance of any particular randomly
                  | generated armour on D:1 being GDS is about 0.00873%.
 67794 | Vaults:5 | Identified the Catalogue of the Gliding Oath
 67854 | Vaults:5 | Identified the cursed +0 gold dragon scales of the
                  | Untouchables {rPois rF+ rC+ Regen+}
 67893 | Vaults:5 | Identified Bife's Tome of Hubris (You acquired it on level
                  | 5 of the Vaults)
 67908 | Vaults:5 | Got a smelly scale mail
 67955 | Vaults:5 | Learned a level 5 spell: Aura of Abjuration
 67979 | Vaults:5 | Learned a level 8 spell: Ignition
 68100 | Vaults:5 | Identified The Last Secrets of the Arcane Arts
 68258 | Vaults:5 | Identified the Handbook of Air and Stolen Souls
 68310 | Vaults:5 | Got a silver rune of Zot
 68545 | Crypt:1  | Entered Level 1 of the Crypt
 68705 | Crypt:1  | Found an ancient bone altar of Kikubaaqudgha.
 69579 | Crypt:1  | Noticed a greater mummy
 69580 | Crypt:1  | Noticed Khufu
 69584 | Crypt:1  | You fall into a shaft and drop 1 floor!
 69910 | Crypt:2  | Found an ancient bone altar of Kikubaaqudgha.
 70001 | Crypt:2  | Found a transporter.
 70595 | Crypt:2  | Found a transporter.
 70639 | Crypt:3  | Entered Level 3 of the Crypt
 70960 | Crypt:3  | Noticed Saint Roka
 70975 | Crypt:3  | Killed Saint Roka
 71613 | Crypt:3  | Got a faintly glowing dagger
 71614 | Crypt:3  | Identified the +9 dagger of Analysis {holy, Dex+2 Stlth+}
                  | (You found it on level 3 of the Crypt)
 71616 | Crypt:3  | Identified Sif Muna's Incunabulum of Doomed Earth
 71814 | Crypt:3  | Found an ancient bone altar of Kikubaaqudgha.
 72055 | Crypt:3  | Found the +3 robe of Clouds {+Thunder rCloud rElec}
 72062 | Crypt:3  | Noticed an ancient lich
 72073 | Crypt:3  | Killed an ancient lich
 72092 | Crypt:3  | Identified the Disquisition on Changing and Clay
 72107 | Crypt:3  | Learned a level 6 spell: Statue Form
 72207 | Crypt:3  | Reached skill level 1 in Transmutations
 72652 | Zot:1    | Entered Level 1 of the Realm of Zot
 72730 | Zot:1    | Reached skill level 5 in Transmutations
 73195 | Zot:1    | Got a warped falchion
 73289 | Zot:1    | Reached skill level 10 in Transmutations
 74911 | Zot:2    | Reached skill level 1 in Summonings
 75596 | Zot:3    | Reached skill level 5 in Summonings
 75644 | Zot:3    | Noticed a Killer Klown
 75667 | Zot:3    | Killed a Killer Klown
 75669 | Zot:3    | Noticed an ancient lich
 75686 | Zot:3    | Killed an ancient lich
 75784 | Zot:3    | Got an ichor-stained shortbow
 75785 | Zot:3    | Identified the cursed +1 shortbow of the Middle {freeze,
                  | +Blink rElec rF-} (You found it on level 3 of the Realm of
                  | Zot)
 75800 | Zot:3    | Reached skill level 5 in Earth Magic
 75847 | Zot:3    | Identified the Collected Works on Supportive Clay
 75862 | Zot:3    | Reached skill level 6 in Earth Magic
 76008 | Zot:3    | Noticed an orb of fire
 76146 | Zot:3    | Killed an orb of fire
 76146 | Zot:3    | Reached skill level 7 in Earth Magic
 76269 | Zot:3    | Reached skill level 8 in Earth Magic
 76489 | Zot:3    | Reached skill level 9 in Earth Magic
 76674 | Zot:3    | Noticed a Killer Klown
 76691 | Zot:3    | Killed a Killer Klown
 76701 | Zot:3    | Reached skill level 10 in Earth Magic
 76992 | Zot:3    | Reached skill level 11 in Earth Magic
 77046 | Zot:3    | Got a jewelled scale mail
 77374 | Zot:3    | Learned a level 9 spell: Shatter
 77597 | Zot:4    | Reached skill level 12 in Earth Magic
 77996 | Zot:4    | Noticed an orb of fire
 78024 | Zot:4    | Killed an orb of fire
 78024 | Zot:4    | Reached skill level 13 in Earth Magic
 78260 | Zot:4    | Reached skill level 14 in Earth Magic
 78848 | Zot:4    | Found a transporter.
 78867 | Zot:4    | Found a transporter.
 78868 | Zot:4    | Noticed an orb of fire
 79293 | Depths:4 | Reached skill level 15 in Earth Magic
 79503 | Depths:4 | Voluntarily entered the Abyss.
 79503 | Abyss:1  | Found a corrupted altar of Lugonu.
 79510 | Abyss:1  | Found a corrupted altar of Lugonu.
 79687 | Abyss:1  | Found a corrupted altar of Lugonu.
 79694 | Abyss:1  | Found a corrupted altar of Lugonu.
 79724 | Abyss:1  | Gained mutation: Your body sometimes deteriorates upon
                  | taking damage. [a neqoxec]
 79995 | Abyss:1  | Reached skill level 16 in Earth Magic
 80273 | Depths:4 | Escaped the Abyss
 80567 | Depths:4 | Voluntarily entered the Abyss.
 80639 | Abyss:1  | Found an iron altar of Okawaru.
 80851 | Abyss:3  | Reached skill level 17 in Earth Magic
 80904 | Abyss:3  | Got an abyssal rune of Zot
 80916 | Depths:4 | Escaped the Abyss
 81034 | Depths:4 | Voluntarily entered the Abyss.
 81194 | Abyss:1  | Reached skill level 18 in Earth Magic
 82326 | Abyss:1  | Reached skill level 19 in Earth Magic
 83752 | Abyss:3  | Found a corrupted altar of Lugonu.
 83947 | Abyss:3  | Reached skill level 20 in Earth Magic
 84134 | Depths:4 | Escaped the Abyss
 84240 | Depths:4 | Voluntarily entered the Abyss.
 84240 | Abyss:1  | Found a transporter.
 85103 | Abyss:1  | Got a dazzling chain mail
 85703 | Abyss:1  | Reached skill level 21 in Earth Magic
 85999 | Abyss:1  | Found a corrupted altar of Lugonu.
 86138 | Abyss:1  | Found a corrupted altar of Lugonu.
 87047 | Abyss:2  | Gained mutation: You occasionally shout uncontrollably at
                  | your foes. [a neqoxec]
 87049 | Abyss:2  | Gained mutation: Your body often deteriorates upon taking
                  | damage. [a neqoxec]
 87051 | Abyss:2  | Gained mutation: You do not regenerate when monsters are
                  | visible. [a neqoxec]
 88005 | Abyss:2  | Reached skill level 22 in Earth Magic
 88112 | Depths:4 | Escaped the Abyss
 88248 | Depths:4 | Voluntarily entered the Abyss.
 88887 | Depths:4 | Escaped the Abyss
 89008 | Depths:4 | Voluntarily entered the Abyss.
 89499 | Depths:4 | Escaped the Abyss
 89901 | Slime:1  | Entered Level 1 of the Pits of Slime
 89949 | Slime:3  | Noticed Dissolution
 89971 | Slime:2  | Killed Dissolution
 89971 | Slime:2  | Reached skill level 23 in Earth Magic
 90134 | Slime:3  | Gained mutation: You are dopey. (Int -2) [a shining eye]
 90139 | Slime:3  | Gained mutation: Scrolls take you a little longer to read.
                  | [a shining eye]
 90141 | Slime:3  | Gained mutation: Your magical capacity is low. (-10% MP) [a
                  | shining eye]
 90142 | Slime:3  | Gained mutation: You are mostly covered in molten scales.
                  | (AC +3) [a shining eye]
 90337 | Slime:5  | Entered Level 5 of the Pits of Slime
 90450 | Slime:5  | Noticed the Royal Jelly
 90763 | Slime:4  | Gained mutation: Armour fits poorly on your strangely
                  | shaped body. [a shining eye]
 90857 | Slime:5  | Killed the Royal Jelly
 90981 | Slime:5  | Reached skill level 24 in Earth Magic
 91264 | Slime:5  | Found the +3 Elemental Staff {rElec rF++ rC++ MR++ AC+5}
 91290 | Slime:5  | Got a vibrating golden ring
 91293 | Slime:5  | Identified the ring of Zituixtu {rPois rC++ MR+ Slay+2}
                  | (You found it on level 5 of the Pits of Slime)
 91349 | Slime:5  | Got a slimy rune of Zot
 91407 | Slime:5  | Identified the Catalogue of Heat
 91919 | Depths:1 | You paid a toll of a +7 demon trident to enter a treasure
                  | trove
 91920 | Trove    | Entered a treasure trove
 91935 | Trove    | Identified Sif Muna's Catalogue of Talismans and Earth
 91959 | Trove    | Got a clouded golden ring
 91962 | Trove    | Identified the ring of Tiptoro {Fire rElec Int+3} (You
                  | found it in a treasure trove)
 91964 | Trove    | Got a flickering gossamer ring
 91967 | Trove    | Identified the ring "Ulau" {MR+ Dex+2} (You found it in a
                  | treasure trove)
 91999 | Trove    | Lost mutation: Your magical capacity is low. (-10% MP)
                  | [potion of mutation]
 91999 | Trove    | Lost mutation: Armour fits poorly on your strangely shaped
                  | body. [potion of mutation]
 91999 | Trove    | Lost mutation: You are resistant to hostile enchantments.
                  | (MR+) [potion of mutation]
 91999 | Trove    | Lost mutation: You do not regenerate when monsters are
                  | visible. [potion of mutation]
 92000 | Trove    | Lost mutation: You are mostly covered in molten scales. (AC
                  | +3) [potion of mutation]
 92000 | Trove    | Lost mutation: You are dopey. (Int -2) [potion of mutation]
 92000 | Trove    | Gained mutation: You are dopey. (Int -2) [potion of
                  | mutation]
 92001 | Trove    | Lost mutation: You are dopey. (Int -2) [potion of mutation]
 92001 | Trove    | Lost mutation: Your body often deteriorates upon taking
                  | damage. [potion of mutation]
 92001 | Trove    | Lost mutation: Scrolls take you a little longer to read.
                  | [potion of mutation]
 92002 | Trove    | Lost mutation: You occasionally shout uncontrollably at
                  | your foes. [potion of mutation]
 92002 | Trove    | Lost mutation: Your body sometimes deteriorates upon taking
                  | damage. [potion of mutation]
 92002 | Trove    | Lost mutation: You are partially covered in molten scales.
                  | (AC +2) [potion of mutation]
 92002 | Trove    | Gained mutation: Your flesh is heat resistant. (rF+)
                  | [potion of mutation]
 92339 | Crypt:2  | Got a coiled jade ring
 92344 | Crypt:2  | Identified the ring "Maimi" {+Inv rElec rC+ Dex-4} (You
                  | found it on level 2 of the Crypt)
 92362 | Crypt:2  | Got an ancient emerald amulet
 92367 | Crypt:2  | Identified the amulet "Roviaph" {Spirit rElec Int+2 Dex+2}
                  | (You found it on level 2 of the Crypt)
 92395 | Crypt:2  | Noticed an ancient lich
 92398 | Crypt:2  | You fall into a shaft and drop 1 floor!
 92585 | Crypt:2  | You fall into a shaft and drop 1 floor!
 93355 | Crypt:2  | Got a transparent steel amulet
 93356 | Crypt:2  | Identified the amulet of Xom's Ringing Laughter {Faith +Inv
                  | Dex+5} (You found it on level 2 of the Crypt)
 93411 | Crypt:2  | Killed an ancient lich
 94464 | Zig:1    | Entered Level 1 of a ziggurat
 94534 | Zig:2    | Entered Level 2 of a ziggurat
 94540 | Zig:2    | Reached skill level 1 in Necromancy
 94557 | Zig:3    | Entered Level 3 of a ziggurat
 94601 | Zig:4    | Entered Level 4 of a ziggurat
 94643 | Zig:4    | Learned a level 8 spell: Death's Door
 94644 | Zig:5    | Entered Level 5 of a ziggurat
 94699 | Zig:5    | Identified the Handbook of Combat Magic
 94703 | Zig:6    | Entered Level 6 of a ziggurat
 94711 | Zig:6    | Reached skill level 5 in Necromancy
 94740 | Zig:7    | Entered Level 7 of a ziggurat
 95168 | Zig:8    | Entered Level 8 of a ziggurat
 95623 | Zig:8    | Reached skill level 10 in Necromancy
 95639 | Zig:9    | Entered Level 9 of a ziggurat
 95699 | Zig:10   | Entered Level 10 of a ziggurat
 95734 | Zig:10   | Got an ichor-stained eveningstar
 95736 | Zig:10   | Identified the +8 eveningstar "Testudineslayer" {speed,
                  | Int+5} (You found it on level 10 of a ziggurat)
 95741 | Zig:10   | Identified the Papyrus of the Snowflakes and Bewitchment
 95786 | Zig:11   | Entered Level 11 of a ziggurat
 95824 | Zig:11   | Got a vibrating ivory amulet
 95825 | Zig:11   | Identified the amulet of Gyeclud {Spirit rF+ rC+ Dex-5
                  | Stlth+} (You found it on level 11 of a ziggurat)
 95828 | Zig:11   | Identified the Grimoire of the Damaging Voyage
 95830 | Zig:11   | Identified the Reference Book on Burning Flight
 95971 | Pan      | Entered Pandemonium
 96157 | Pan      | Noticed Unimauno the pandemonium lord
 96167 | Pan      | Killed Unimauno the pandemonium lord
 96179 | Pan      | Got a demonic rune of Zot
 96182 | Pan      | Got a pitted jade amulet
 96183 | Pan      | Identified the amulet "Zarakeeq" {Harm *Drain rC+} (You
                  | found it in Pandemonium)
 96768 | Pan      | Learned a level 1 spell: Foxfire
 96776 | Pan      | Learned a level 6 spell: Ozocubu's Refrigeration
 96811 | Pan      | Reached skill level 1 in Ice Magic
 97103 | Pan      | Reached skill level 5 in Ice Magic
 97823 | Pan      | Found an exit through the horrors of the Abyss.
 97831 | Pan      | Noticed Rigaufal the pandemonium lord
 97844 | Pan      | Killed Rigaufal the pandemonium lord
 98071 | Pan      | Learned a level 7 spell: Spellforged Servitor
 98102 | Pan      | Reached skill level 1 in Conjurations
 99744 | Pan      | Noticed Liakkur the pandemonium lord
 99775 | Pan      | Killed Liakkur the pandemonium lord
 99775 | Pan      | Reached skill level 5 in Conjurations
100243 | Pan      | Reached skill level 10 in Summonings
100582 | Pan      | Identified the +3 ring mail of Zin's Grace {rElec rCorr
                  | Dex-3 Slay+2}
100766 | Pan      | Gained mutation: You are dopey. (Int -2) [a cacodemon]
101618 | Pan      | Noticed Laun Pasch the pandemonium lord
101670 | Pan      | Killed Laun Pasch the pandemonium lord
102012 | Pan      | Learned a level 7 spell: Orb of Destruction
102033 | Pan      | Identified the +2 ring mail of Wyveol {-Tele rF++ MR++}
102976 | Pan      | Reached skill level 10 in Conjurations
104820 | Pan      | Noticed Nokhail the pandemonium lord
104829 | Pan      | Killed Nokhail the pandemonium lord
105255 | Pan      | Noticed Oripp the pandemonium lord
105260 | Pan      | Killed Oripp the pandemonium lord
105538 | Pan      | Noticed Yfirit the pandemonium lord
105548 | Pan      | Killed Yfirit the pandemonium lord
105602 | Pan      | Entered the realm of Gloorx Vloq.
106594 | Pan      | Noticed Gloorx Vloq
106611 | Pan      | Killed Gloorx Vloq
106621 | Pan      | Got a dark rune of Zot
107563 | Pan      | Found an exit through the horrors of the Abyss.
107879 | Pan      | Entered the realm of Lom Lobon.
107888 | Pan      | Found an exit through the horrors of the Abyss.
108268 | Pan      | Noticed Lom Lobon
108293 | Pan      | Killed from afar by Lom Lobon

Illustrated notes

Levels and vault maps discovered:
D:1:      dpeg_arrival_prison, layout_basic
D:2:      minmay_general_purpose_star, layout_basic,
          gammafunk_temple_overflow_claw, minmay_strange_pillars, uniq_sigmund,
          uniq_terence, uniq_crazy_yiuf_cottage
D:3:      layout_loops_ring, nicolae_tso_carved_into_rock
D:4:      layout_loops_corners, xom_teletrap_fun, first_ration, corner_web_ring,
          kennysheep_minor_cross
D:5:      cheibrodos_barr_body, layout_loops_ring, grunt_gozag_statues,
          minmay_temple_entry_arrows, serial_shops, shop_statue, basic_altar
D:6:      layout_basic, serial_glass, glass_columns_a, glass_columns_c,
          glass_columns_a, glass_columns_c, glass_columns_b
D:7:      layout_layer_cave, nicolae_overflow_crystal_walls,
          minmay_misc_feat_four_crosses, the_bakery, minmay_unpleasant_kobolds,
          uniq_prince_ribbit1
D:8:      layout_loops_ring, kennysheep_mini_moat, minmay_lair_entry_grove,
          nicolae_dithmenos_the_darkroom
D:9:      layout_rooms, marbit_many_paths, ebering_ghost_disaster_area,
          nicolae_benzene_ring, minmay_the_grid_2x2 [minmay_the_grid_square_x,
          minmay_the_grid_zigzag_pyramid, minmay_the_grid_embedded,
          minmay_the_grid_prize_shrinking_boxes]
D:10:     layout_cave_pods, orc_0_dummy
D:11:     layout_roguey, minivault_19
D:12:     layout_rooms, ebering_ghost_xom, portal_ice_cave_entry_pillars_1,
          serial_shops, shop, evilmike_minifort, uniq_nessos
D:13:     layout_rooms, erik_vaults_2, minivault_16, fedhas_altar_4,
          uniq_josephine
D:14:     layout_gridville, serial_bayou_shore_b, uniq_frances
D:15:     grunt_enter_depths_snipers, layout_gridville,
          minmay_misc_feat_columns, minmay_crystal_room
Temple:   eino_temple_lava
Lair:1:   layout_cave_pods, gauntlet_entry_generic, gammafunk_ghost_split
Lair:2:   layout_roguey, basic_altar
Lair:3:   layout_cave_pods, minmay_snake_entry_six_corridors,
          ebering_ghost_reflecting_pool, enter_volcano_2, st_stairs_7,
          minivault_19, uniq_snorg
Lair:4:   beast_lair_carwin_large_4, layout_hall_layers,
          minmay_swamp_entry_worms, gammafunk_ghost_wrathful_warriors
Lair:5:   layout_gridlike, minmay_slime_entry_pillars, infiniplex_staircase_pool
Lair:6:   grunt_lair_end_beastmaster, layout_small_grid, grunt_megastairs_2,
          minmay_lair_oklob_chamber
Swamp:1:  layout_basic_swamp, evilmike_swamp_ruin_rubble_1
Swamp:2:  layout_basic_swamp, hangedman_swamp_diagram
Swamp:3:  layout_basic_swamp, basic_altar, swamp_pool4, st_shrine_of_shade
Swamp:4:  grunt_swamp_rune_castle, layout_basic_swamp, swamp_pool2,
          infiniplex_staircase_pool_2
Snake:1:  minmay_snake_river, layout_onion
Snake:2:  layout_cave_pods, basic_altar, uniq_aizul
Snake:3:  layout_onion, guppyfry_snake_island
Snake:4:  johnstein_snake_rune_scales, layout_chambers, minmay_shop_star,
          grunt_megastairs_4
Slime:1:  layout_caves
Slime:2:  layout_caves
Slime:3:  layout_caves, cheibrodos_slime_lost_civilization_5, uniq_dissolution
Slime:4:  layout_caves, nicolae_slime_welcoming_committee
Slime:5
Orc:1:    layout_caves, nicolae_orc_flooded_monolith, lemuel_statue_altar
Orc:2:    st_orc_elflike, layout_caves
Elf:1:    eino_elf_arrival_shootout, layout_rooms, minmay_elf_sorcery,
          nicolae_elf_glass_and_crystal_pillar_2, nicolae_twisting_strands,
          evilmike_ambush [evilmike_ambush_outer_basic,
          evilmike_ambush_inner_pond]
Elf:2:    layout_onion_city
Elf:3:    minmay_elf_hall_dome, layout_onion_city, ebering_ghost_reflecting_pool
Vaults:1: v_misc_27, nicolae_vaults_network_square, v_alt_pattern_1,
          hangedman_vaults_corner_blocks, kb_rosetta,
          hangedman_vaults_variations, vaults_mumra_chevron_long, v_misc_16,
          vaults_room_pool, nicolae_vaults_mini_display_case,
          layout_vaults_ring, serial_shops, shop
Vaults:2: hangedman_vaults_impose, nicolae_vaults_little_squares_4,
          minmay_crypt_entry_simple_statues, v_misc_10,
          nicolae_vaults_little_squares_2, v_pattern_1, hangedman_vaults_corner,
          vaults_standard_mumra_enter_the_diamond, hangedman_vaults_pinch,
          v_alt_pattern_1, vaults_room_semicircle, v_misc_28,
          vaults_room_stairs_pillars, st_smaller_cells, layout_vaults_maze_bifur
Vaults:3: nicolae_vaults_network_periphery, st_diamondy, serial_ice_h,
          ontoclasm_vaults_chip, vaults_not_door_vault_mu, vaults_mumra_hex,
          ontoclasm_vaults_eye, ontoclasm_vaults_chip, layout_vaults_quadrants,
          serial_shops, shop, uniq_xtahua
Vaults:4: nicolae_vaults_an_arrangement, ontoclasm_vaults_claustrophobia,
          vaults_mumra_lcd, v_misc_23, v_misc_8,
          nicolae_vaults_little_squares_2, serial_ice_h, vaults_mumra_hexcomb,
          layout_vaults_chaotic_city
Vaults:5: uniq_margery
Crypt:1:  layout_gridlike, basic_altar, grunt_crypt_arrival_guarded_gate,
          uniq_khufu
Crypt:2:  gammafunk_dig_for_victory, layout_gridlike, basic_altar
Crypt:3:  evilmike_haunted_forest, uniq_saint_roka
Depths:1: layout_basic, nicolae_trove_entry_path_of_doom, hellmouth_3,
          wad_hexagon, serial_bayou_shore_a
Depths:2: hangedman_pleasuredromes, abyss_entry, hell_entry
Depths:3: kennysheep_six_static_rooms, layout_basic, enter_ziggurat_d,
          pan_entry, pf_hell_entry_tar_spiral, minmay_misc_feat_tiny,
          minmay_staircase_windowed_small
Depths:4: cheibrodos_tormentor_scu, layout_cave_shapes, rand_demon_pan_entry_8,
          nicolae_two_hexagons, hell_entry, abyss_entry, nrook_pool_corridor,
          serial_bayou_shore_b, uniq_mennas
Depths:5: grunt_zot_entry_gee_three, layout_gridlike, hell_entry,
          nrook_mini_backslash, minmay_liquid_box
Zot:1:    layout_cathedral_of_symmetry, hangedman_zot_diagonal_lockstep,
          grunt_megastairs_1
Zot:2:    layout_basic, grunt_ministairs_10
Zot:3:    layout_twisted_circle, hangedman_player_shredder
Zot:4:    gammafunk_the_bubble [the_bubble_gammafunk_grid], layout_gridlike,
          grunt_ministairs_12
Pan:      rand_demon_5, layout_pan_divisions_b [pan_division_quadrant_b1,
          pan_division_quadrant_b3, pan_division_quadrant_b2,
          pan_division_quadrant_b5], rand_demon_3, layout_cellular_growth,
          nicolae_pan_diamonds, layout_gridlike, reaverb_pan_squares,
          nicolae_pan_gloorx_vloqian_4, evilmike_mini_pan_3x3, layout_gridville,
          pan_blood_fountain, evilmike_mini_pan_doors_b, layout_stronghold,
          evilmike_mini_pan_thingy, layout_gridville, rand_demon_6,
          layout_pan_divisions_a [pan_division_quadrant_a2,
          pan_division_quadrant_a4, pan_division_quadrant_a4,
          pan_division_quadrant_a3, pan_division_octagon_halves],
          gloorx_vloq_grunt_torture_chamber, layout_gridlike,
          nicolae_pan_cerebovesque_3, grunt_pan_spiral, layout_onion_city,
          lom_lobon, layout_chambers

Skill      XL: |  1  2  3  4  5  6  7  8  9 10 11 12 13 14 15 16 17 18 19 20 21 22 23 24 25 26 27 |
---------------+----------------------------------------------------------------------------------+-----
Armour         | 1 2 3 4 5 7 8 9 11 13 14 15 16 19 | 19.6
Maces & Flails | 1 2 3 4 6 7 8 9 10 12 13 14 15 16 18 | 18.1
Crossbows      | 5 6 7 8 9 10 11 12 13 14 15 17 | 17.5
Shields        | 1 3 4 6 8 9 11 13 14 15 16 17 19 | 19.2
Fighting       | 3 5 7 8 10 11 12 13 15 16 17 19 | 19.0
Invocations    | 1 9 10 12 13 | 13.3
Spellcasting   | 8 12 13 14 15 22 | 22.4
Earth Magic    | 4 24 | 24.6
Translocations | 5 |  5.5
Hexes          | 4 |  4.0
Charms         | 4 6 10 12 14 15 | 15.2
Fire Magic     | 3 10 12 14 15 18 | 18.6
Transmutations | 13 | 13.9
Summonings     | 13 | 13.6
Necromancy     | 13 | 13.4
Ice Magic      | 8 |  8.1
Conjurations   | 12 | 12.1
Dodging        | |  1.7
Stealth        | |  1.2

Action                   |  1- 3 |  4- 6 |  7- 9 | 10-12 | 13-15 | 16-18 | 19-21 | 22-24 | 25-27 || total
-------------------------+-------+-------+-------+-------+-------+-------+-------+-------+-------++-------
Melee: Short sword       |    77 |    13 |       |       |       |       |       |       |       ||    90
       Mace              |    75 |   162 |       |       |       |       |       |       |       ||   237
       Whip              |       |    90 |   286 |   512 |   957 |  1212 |       |       |       ||  3057
       Dire flail        |       |       |       |       |       |   110 |  1286 |  1167 |  4599 ||  7162
       Sacred scourge    |       |       |       |       |       |       |       |   165 |  1665 ||  1830
       Scimitar          |       |       |       |       |       |       |       |       |     5 ||     5
 Fire: Hand crossbow     |     4 |     9 |    33 |       |       |       |       |       |       ||    46
       Arbalest          |       |       |       |    91 |   251 |   218 |   147 |   228 |   847 ||  1782
Throw: Dart              |       |       |       |       |       |       |     2 |       |       ||     2
 Cast: Passage of Golubr |       |       |       |       |       |    15 |    18 |     2 |     5 ||    40
       Lesser Beckoning  |       |       |       |       |       |       |   106 |    22 |    16 ||   144
       Spectral Weapon   |       |       |       |       |       |       |    87 |    59 |   174 ||   320
       Passwall          |       |       |       |       |       |       |     5 |     4 |       ||     9
       Song of Slaying   |       |       |       |       |       |       |     5 |       |     3 ||     8
       Apportation       |       |       |       |       |       |       |       |     3 |     3 ||     6
       Ring of Flames    |       |       |       |       |       |       |       |     1 |    25 ||    26
       Ignition          |       |       |       |       |       |       |       |       |   152 ||   152
       Shatter           |       |       |       |       |       |       |       |       |    52 ||    52
       Ozocubu's Refrige |       |       |       |       |       |       |       |       |    26 ||    26
       Aura of Abjuratio |       |       |       |       |       |       |       |       |    15 ||    15
       Statue Form       |       |       |       |       |       |       |       |       |    13 ||    13
       Spellforged Servi |       |       |       |       |       |       |       |       |     8 ||     8
       Summon Butterflie |       |       |       |       |       |       |       |       |     6 ||     6
       Orb of Destructio |       |       |       |       |       |       |       |       |     6 ||     6
Invok: Bend Time         |       |       |       |       |     3 |     1 |       |       |     1 ||     5
       Slouch            |       |       |       |       |     6 |     1 |     7 |       |     1 ||    15
       Temporal Distorti |       |       |       |       |     1 |       |       |       |       ||     1
       Step From Time    |       |       |       |       |       |       |       |     2 |     5 ||     7
 Abil: Dig               |     1 |       |       |     4 |    54 |    50 |    36 |    27 |    33 ||   205
       Shaft Self        |       |       |     1 |       |     2 |     1 |       |     1 |     4 ||     9
       End Transformatio |       |       |       |       |       |       |       |       |     7 ||     7
Evoke: Wand              |       |       |       |    11 |     5 |       |     2 |    10 |     4 ||    32
       Phial of floods   |       |       |       |       |       |     2 |       |       |       ||     2
       Phantom mirror    |       |       |       |       |       |     1 |       |       |     2 ||     3
  Use: Scroll            |     1 |     9 |     3 |    16 |     9 |    13 |     8 |    16 |    47 ||   122
       Potion            |       |     4 |     2 |     8 |     8 |       |     2 |     4 |    18 ||    46
 Stab: Sleeping          |     1 |       |       |     2 |     3 |     1 |       |       |       ||     7
       Invisible         |       |       |       |     1 |       |       |       |     1 |     3 ||     5
       Distracted        |       |       |       |       |       |     1 |    16 |    19 |    58 ||    94
       Paralysed         |       |       |       |       |       |       |       |       |     1 ||     1
  Eat: Chunk             |     2 |     8 |     8 |    10 |    48 |    35 |    12 |    18 |    26 ||   167
       Ration            |       |       |     1 |     1 |     1 |       |     4 |     1 |    35 ||    43
Armor: Plate armour      |   215 |   279 |   133 |   122 |       |       |       |       |       ||   749
       Ring mail         |       |       |       |    24 |   119 |    85 |     6 |       |       ||   234
       Skin              |       |       |       |     2 |       |       |       |       |    21 ||    23
       Storm dragon scal |       |       |       |       |       |       |   338 |   348 |  1368 ||  2054
Dodge: Dodged            |    53 |    95 |    35 |    76 |   140 |    96 |   170 |   175 |   790 ||  1630
       Repelled          |       |       |     3 |     5 |     4 |    17 |    32 |    23 |    72 ||   156
Block: Buckler           |       |    10 |    13 |       |       |       |       |       |       ||    23
       Tower shield      |       |       |   136 |   463 |   773 |   789 |  1178 |  1328 |  6497 || 11164
       Rpst.: Scimitar   |       |       |       |       |       |       |       |       |     1 ||     1

Table legend:
 A = Non-vault XP
 B = Vault XP
 C = Vault XP percentage of total XP
 D = Non-vault monster count
 E = Vault monster count
 F = Vault count percentage of total count
                 A         B        C        D         E       F
            +---------+---------+-------+---------+---------+-------
      Total | 1675121 | 1075873 |  39.1 |    2911 |    1191 |  29.0
            +---------+---------+-------+---------+---------+-------
        D:1 |      34 |       7 |  17.1 |      20 |       4 |  16.7
        D:2 |      44 |     327 |  88.1 |      18 |       7 |  28.0
        D:3 |      97 |       0 |   0.0 |      16 |       0 |   0.0
        D:4 |     434 |       0 |   0.0 |      22 |       0 |   0.0
        D:5 |     599 |     668 |  52.7 |      16 |       8 |  33.3
        D:6 |     980 |       0 |   0.0 |      21 |       0 |   0.0
        D:7 |     417 |     803 |  65.8 |      20 |       9 |  31.0
        D:8 |    2768 |    1917 |  40.9 |      18 |      12 |  40.0
        D:9 |     907 |    5450 |  85.7 |      18 |      20 |  52.6
       D:10 |    3885 |       0 |   0.0 |      21 |       0 |   0.0
       D:11 |    1531 |       0 |   0.0 |      16 |       0 |   0.0
       D:12 |    3530 |    8971 |  71.8 |      10 |      17 |  63.0
       D:13 |    2994 |    8588 |  74.1 |      12 |      11 |  47.8
       D:14 |   12318 |    2424 |  16.4 |      47 |       1 |   2.1
       D:15 |   20158 |    2348 |  10.4 |      51 |       3 |   5.6
     Lair:1 |     664 |    2453 |  78.7 |       5 |       6 |  54.5
     Lair:2 |    2782 |       0 |   0.0 |      15 |       0 |   0.0
     Lair:3 |    1703 |    3571 |  67.7 |       9 |      14 |  60.9
     Lair:4 |    5168 |   10566 |  67.2 |      17 |      25 |  59.5
     Lair:5 |    5246 |     796 |  13.2 |      20 |       4 |  16.7
     Lair:6 |    9939 |   12542 |  55.8 |      30 |      27 |  47.4
    Swamp:1 |   10255 |       0 |   0.0 |      26 |       0 |   0.0
    Swamp:2 |   13965 |       0 |   0.0 |      42 |       0 |   0.0
    Swamp:3 |   26573 |    4425 |  14.3 |      61 |      15 |  19.7
    Swamp:4 |   13299 |   19910 |  60.0 |      28 |      31 |  52.5
    Snake:1 |    7446 |    2265 |  23.3 |      16 |      13 |  44.8
    Snake:2 |    5991 |    1698 |  22.1 |      10 |       1 |   9.1
    Snake:3 |   16121 |    1821 |  10.1 |      31 |       2 |   6.1
    Snake:4 |   12698 |   38877 |  75.4 |      21 |      71 |  77.2
    Slime:1 |    2894 |       0 |   0.0 |      11 |       0 |   0.0
    Slime:2 |   15068 |   13294 |  46.9 |      10 |       1 |   9.1
    Slime:3 |   12669 |       0 |   0.0 |      21 |       0 |   0.0
    Slime:4 |   14541 |    1286 |   8.1 |      19 |       8 |  29.6
    Slime:5 |   20345 |   30520 |  60.0 |      42 |       8 |  16.0
      Orc:1 |    5664 |       0 |   0.0 |      38 |       0 |   0.0
      Orc:2 |    3476 |    8344 |  70.6 |      38 |      25 |  39.7
      Elf:1 |   24695 |   23103 |  48.3 |      36 |      35 |  49.3
      Elf:2 |   12227 |   28539 |  70.0 |      23 |      33 |  58.9
      Elf:3 |   19918 |   41861 |  67.8 |      37 |      24 |  39.3
   Vaults:1 |   32333 |   14232 |  30.6 |      48 |      18 |  27.3
   Vaults:2 |    4973 |   29162 |  85.4 |       9 |      38 |  80.9
   Vaults:3 |   15981 |   28527 |  64.1 |      21 |      41 |  66.1
   Vaults:4 |   28450 |   28035 |  49.6 |      46 |      17 |  27.0
   Vaults:5 |   34892 |  131833 |  79.1 |      56 |      81 |  59.1
    Crypt:1 |   37526 |       0 |   0.0 |      63 |       0 |   0.0
    Crypt:2 |   38745 |   34882 |  47.4 |      65 |      23 |  26.1
    Crypt:3 |       0 |   76043 | 100.0 |       0 |     121 | 100.0
   Depths:1 |   24689 |   17879 |  42.0 |      43 |      22 |  33.8
   Depths:2 |    1062 |  101864 |  99.0 |       4 |      92 |  95.8
   Depths:3 |   48109 |    8762 |  15.4 |      56 |      10 |  15.2
   Depths:4 |   42539 |   26067 |  38.0 |      49 |      15 |  23.4
   Depths:5 |   37428 |   26510 |  41.5 |      33 |      17 |  34.0
      Zot:1 |   40199 |    8296 |  17.1 |      22 |       4 |  15.4
      Zot:2 |   25210 |    7830 |  23.7 |      14 |       6 |  30.0
      Zot:3 |   44924 |   47638 |  51.5 |      25 |      18 |  41.9
      Zot:4 |   58171 |    2003 |   3.3 |      31 |       1 |   3.1
    Abyss:1 |  278319 |    6546 |   2.3 |     538 |       5 |   0.9
    Abyss:2 |  105867 |       0 |   0.0 |     228 |       0 |   0.0
    Abyss:3 |   31648 |   23917 |  43.0 |      73 |      49 |  40.2
        Pan |  347439 |  161902 |  31.8 |     439 |     117 |  21.0
      Zig:1 |    1278 |       0 |   0.0 |       1 |       0 |   0.0
      Zig:2 |    2589 |       0 |   0.0 |       3 |       0 |   0.0
      Zig:3 |    2666 |       0 |   0.0 |       5 |       0 |   0.0
      Zig:4 |    2396 |       0 |   0.0 |       8 |       0 |   0.0
      Zig:5 |    7002 |       0 |   0.0 |       8 |       0 |   0.0
      Zig:6 |    9436 |       0 |   0.0 |      12 |       0 |   0.0
      Zig:7 |    7439 |    2376 |  24.2 |      10 |       4 |  28.6
      Zig:8 |    9401 |       0 |   0.0 |      12 |       0 |   0.0
      Zig:9 |   12450 |       0 |   0.0 |      15 |       0 |   0.0
     Zig:10 |   12167 |       0 |   0.0 |      20 |       0 |   0.0
     Zig:11 |   15750 |       0 |   0.0 |      22 |       0 |   0.0
      IceCv |       0 |   12716 | 100.0 |       0 |      45 | 100.0
    Volcano |       0 |    1479 | 100.0 |       0 |      12 | 100.0
            +---------+---------+-------+---------+---------+-------
